 Dungeon Crawl Stone Soup version 0.20.1-1-g8b1a95d (webtiles) character file.

30 fatpigsinatree the Digger (level 2, -1/20 HPs)
             Began as a Demigod Earth Elementalist on Oct 25, 2017.
             Slain by a hand axe (7 damage)
             ... on level 2 of the Dungeon.
             The game lasted 00:14:29 (1358 turns).

fatpigsinatree the Digger (DgEE)                    Turns: 1358, Time: 00:14:29

Health: -1/20      AC:  4    Str: 11    XL:     2   Next: 87%
Magic:  5/7        EV: 12    Int: 19    God:
Gold:   68         SH:  0    Dex: 16    Spells: 1/4 levels left

rFire    . . .     SeeInvis .   q - +0 mace
rCold    . . .     Gourm    .   (no shield)
rNeg     . . .     Faith    .   t - +0 leather armour
rPois    .         Spirit   .   (no helmet)
rElec    .         Reflect  .   (no cloak)
rCorr    .         Harm     .   f - +0 pair of gloves
MR       .....                  (no boots)
Stlth    ++........             (no amulet)
Regen    0.1/turn               s - ring of flight
MPRegen  0.1/turn               (no ring)

@: no status effects
A: high mp 1
a: Evoke Flight


You were on level 2 of the Dungeon.
You were hungry.

You visited 1 branch of the dungeon, and saw 2 of its levels.

You collected 68 gold pieces.

Inventory:

Hand Weapons
 h - a +0 short sword
 q - a +0 mace (weapon)
Missiles
 b - 56 stones
 g - 6 tomahawks (quivered)
 j - 38 arrows
Armour
 a - a +0 robe
 c - a +0 robe
 f - a +0 pair of gloves (worn)
 t - a +0 leather armour (worn)
Jewellery
 s - a ring of flight (left hand)
Scrolls
 n - a scroll of teleportation {unknown}
 o - a scroll of noise {unknown}
Potions
 l - a potion of lignification {unknown}
 p - a potion of ambrosia {unknown}
Books
 e - a book of Geomancy

   Spells                             Type                      Level
   a - Sandblast                      Earth                        1
   b - Passwall                       Transmutation/Earth          2
   c - Stone Arrow                    Conjuration/Earth            3
   d - Petrify                        Transmutation/Earth          4
   e - Lee's Rapid Deconstruction     Earth                        5
Comestibles
 d - 3 bread rations
 i - 2 meat rations
 m - a chunk of flesh
 r - 2 royal jellies


   Skills:
 + Level 0.1 Fighting
 + Level 0.3 Short Blades
 + Level 0.8 Throwing
 + Level 2.2 Dodging
 + Level 1.9 Stealth
 + Level 1.9 Spellcasting
 + Level 0.8 Transmutations
 + Level 3.0 Earth Magic


You had one spell level left.
You knew the following spells:

 Your Spells              Type           Power        Failure   Level  Hunger
a - Sandblast             Erth           ##....       6%          1    #......
b - Passwall              Tmut/Erth      #.........   16%         2    ###....


Dungeon Overview and Level Annotations

Branches:
Dungeon (2/15)


Innate Abilities, Weirdness & Mutations

You have an increased reservoir of magic. (+10% MP)


Message History

You climb downwards.
There is a stone staircase leading up here.
Found a hide-covered altar of Uskayaw.
Found a hand axe.
Cast which spell? (? or * to list) Which direction?
You are feeling hungry.
You begin to meditate on the wall.
You continue meditating on the rock. x2
You finish merging with the rock.
You miss the hand axe. The enchanted hand axe hits you!
Ouch! That really hurt!
The hand axe hits you but does no damage.
The enchanted hand axe hits you. The hand axe hits you.
* * * LOW HITPOINT WARNING * * *
Casting: Passwall
Confirm with . or Enter, or press ? or * to list all spells.
You don't know that spell.
The enchanted hand axe hits you but does no damage.
The hand axe hits you!
You die...

#.# ...... ... #.#
.... .... #.# ...
#... #.# #.# ...
##.######.###.# #
#.........##..###.#
#########.........#
#..#####..#
#..#@(.#.#
#....#(..#.#
#....#####)#
#..........#
#......_...#
#.........##
#.........#
###....####


You could see 2 dancing weapons.

Vanquished Creatures
  An ooze (D:1)
  3 giant cockroaches (D:1)
  4 goblins (D:1)
  A hobgoblin (D:1)
  10 bats (D:1)
  2 frilled lizards (D:1)
  2 kobolds (D:1)
  2 rats (D:1)
25 creatures vanquished.

Notes
Turn   | Place    | Note
-------+----------+-------------------------------------------
     0 | D:1      | fatpigsinatree the Demigod Earth Elementalist began the quest for the Orb.
     0 | D:1      | Reached XP level 1. HP: 14/14 MP: 5/5
   376 | D:1      | Reached XP level 2. HP: 7/20 MP: 7/7
   654 | D:1      | Reached skill level 3 in Earth Magic
   851 | D:1      | Learned a level 2 spell: Passwall
  1349 | D:2      | Noticed an enchanted hand axe
  1349 | D:2      | Noticed a hand axe
  1350 | D:2      | Found a hide-covered altar of Uskayaw.
  1358 | D:2      | Slain by a hand axe

Skill      XL: |  1  2 |
---------------+-------+-----
Dodging        | 2 |  2.2
Earth Magic    | 3 |  3.0
Fighting       | |  0.1
Short Blades   | |  0.3
Throwing       | |  0.8
Stealth        | |  1.9
Spellcasting   | |  1.9
Transmutations | |  0.8

Action                   || total
-------------------------++-------
Melee: Short sword       ||    67
       Mace              ||    19
Throw: Tomahawk          ||    26
       Stone             ||     2
 Cast: Passwall          ||     1
  Eat: Chunk             ||     1
Armor: Ring mail         ||    62
       Robe              ||     1
       Skin              ||     7
       Leather armour    ||     2
Dodge: Dodged            ||   128
